Cogmind - Beta 13 @@@ ROGUE MODE // 2024.07.06 @ 00:19:30 Player: Electroneer Result: Destroyed by G-47 Trooper with Particle Gun Performance ------------- Evolutions (2) 1000 Regions Visited (5) 1000 Robots Destroyed (21) 105 Value Destroyed (567) 567 Prototype IDs (26) 520 Alien Tech Used (0) 0 Bonus (259) 259 TOTAL SCORE: 3451 Bonus ------- Aligned with FarCom 300 Friendly Fire -41 Cogmind --------- Core Integrity 0/550 Matter 223/300 Energy 100/100 System Corruption 0% Temperature Cool (9) Movement Core (1350) Ox26 Location -8/Materials Parts ------- > --- POWER (2) -------- (None) > --- PROPULSION (3) --- (None) > --- UTILITY (4) ------ Huge Storage Unit > --- WEAPON (2) ------- (None) > --- INVENTORY (25) --- Improved Heat Sink Large Storage Unit Experimental Sensor Array Improved Terrain Scanner Peak State ------------ > --- POWER ------------ Ion Engine Light Angular Momentum Engine > --- PROPULSION ------- Armored Wheel Armored Wheel Armored Wheel > --- UTILITY ---------- Huge Storage Unit ECM Suite Hardened Light Armor Plating Supersonic Drone Bay > --- WEAPON ----------- Beamcaster Rocket Launcher > --- INVENTORY -------- Ion Engine Light Ion Engine Improved Heat Sink Large Storage Unit Experimental Sensor Array Improved Terrain Scanner Particle Charger Grenade Launcher [Rating: 33] Favorites ----------- Power Ion Engine Engine Ion Engine Propulsion Armored Wheel Leg Carbon-fiber Leg Wheel Armored Wheel Utility Large Storage Unit Device Supersonic Drone Bay Storage Large Storage Unit Processor Visual Processing Unit Protection Hardened Light Armor Plating Weapon Autogun Energy Gun Beamcaster Ballistic Gun Autogun Launcher Rocket Launcher Build | -11 -10 -10 -10 -9 -8 ------- Run | Yrd Mat Min Exi Min Mat Slots Evolved 4 | . . . . . 4 Power 1 | . . . . . 1 Propulsion 1 | . . . . . 1 Utility 2 | . . . . . 2 Weapon . | . . . . . . Parts Attached 34 | 6 5 2 2 7 12 Power 7 | 2 . . . 2 3 Engine 7 | 2 . . . 2 3 Core . | . . . . . . Reactor . | . . . . . . Propulsion 7 | 2 2 . . 1 2 Treads . | . . . . . . Leg 1 | . . . . . 1 Wheel 6 | 2 2 . . 1 1 Hover . | . . . . . . Flight . | . . . . . . Utility 12 | . 2 1 2 1 6 Device 6 | . 1 1 1 . 3 Storage 3 | . 1 . 1 1 . Processor 1 | . . . . . 1 Hackware . | . . . . . . Protection 2 | . . . . . 2 Artifact . | . . . . . . Weapon 8 | 2 1 1 . 3 1 Energy Gun 3 | 1 . 1 . 1 . Energy Cannon . | . . . . . . Ballistic Gun 2 | 1 1 . . . . Ballistic Cannon . | . . . . . . Launcher 3 | . . . . 2 1 Special Weapon . | . . . . . . Impact Weapon . | . . . . . . Slashing Weapon . | . . . . . . Piercing Weapon . | . . . . . . Special Melee Weapon . | . . . . . . Unidentified Prototypes 1 | . . . . . 1 Parts Lost 18 | . . 1 . 1 16 Power 4 | . . . . . 4 Propulsion 5 | . . . . 1 4 Utility 6 | . . 1 . . 5 Weapon 3 | . . . . . 3 Highest Loss Streak 11 | . . 1 . 1 11 To Critical Strikes . | . . . . . . Average Slot Usage (%) 96 | . 85 99 100 100 81 Engine 14 | . 14 14 14 14 14 Wheel 26 | . 28 28 28 28 17 Device 13 | . 6 13 14 14 15 Storage 13 | . 7 14 14 14 9 Energy Gun 11 | . 14 14 14 6 8 Ballistic Gun 10 | . 14 14 14 8 . Launcher 4 | . . . . 13 4 Naked Turns . | . . . . . . Heaviest Build 111 | 8 16 19 34 95 111 Greatest Support 36 | 20 24 24 24 24 36 Greatest Overweight (x) 26 | . . . 1 3 26 Average Overweight (x) . | . . . . 1 4 Largest Inventory Capacity 25 | 5 8 8 15 25 25 Average Capacity 14 | 5 6 8 14 16 25 Most Carried 10 | 1 5 6 7 10 9 Average Carried 6 | . 3 5 6 7 7 Final Capacity 25 | 5 8 8 15 25 25 Final Carried 10 | 1 5 6 6 10 4 Class Distribution -------------------- 97% | Mutant Dominant Class ---------------- Mutant | -10/Materials Mutant | -10/Mines Mutant | -10/Exiles Mutant | -9/Mines Mutant | -8/Materials Resources | -11 -10 -10 -10 -9 -8 ----------- Run | Yrd Mat Min Exi Min Mat Matter Collected 817 | 253 60 67 10 248 179 Remotely . | . . . . . . Salvage Created 575 | 38 . 59 . 228 250 Parts 26 | 2 . . . 17 7 Haulers Intercepted . | . . . . . . Recyclers Shooed 1 | . . . . . 1 Parts Field Recycled . | . . . . . . Retrieved Matter . | . . . . . . Parts Self-Destructed . | . . . . . . Prevented . | . . . . . . Kills | -11 -10 -10 -10 -9 -8 ------- Run | Yrd Mat Min Exi Min Mat Combat Hostiles Destroyed 20 | 1 . 4 . 10 5 Guns 10 | 1 . 4 . 3 2 AOE 10 | . . . . 7 3 Classes Destroyed 11 | 1 . 1 . 5 4 Worker 2 | . . . . 2 . Builder 1 | . . . . 1 . Tunneler 1 | . . . . 1 . Recycler 1 | . . . . . 1 Swarmer 5 | . . . . 5 . Grunt 7 | 1 . . . 4 2 Brawler 1 | . . . . 1 . Duelist 1 | . . . . . 1 Sentry 1 | . . . . . 1 Hunter 1 | . . . . . 1 Assembled 4 | . . 4 . . . Best Kill Streak 6 | 1 . 4 . 6 3 Combat Bots Only 5 | 1 . 4 . 5 3 Max Kills in Single Turn 5 | 1 . 1 . 5 1 Gunslinging 1 | . . . . 1 . Exploded 3 | . . . . 3 1 Melee . | . . . . . . Uniques/NPCs Destroyed . | . . . . . . Combat | -11 -10 -10 -10 -9 -8 -------- Run | Yrd Mat Min Exi Min Mat Hostile Shots Fired 217 | 3 . 13 . 44 157 Missed 67 | 1 . 3 . 17 46 Damage Taken 2258 | 22 . 235 . 319 1682 Core 698 | . . 52 . 88 558 Absorbed by Shields . | . . . . . . Redirected to Shielding 20 | . . . . . 20 Core Remaining (%) 72 | 100 . . . 44 . Volleys Fired 65 | 3 . 13 . 16 33 Largest 2 | 2 . 2 . 2 2 Hottest 108 | 60 . 63 . 98 108 Shots Fired 110 | 6 . 27 . 32 45 Gun 88 | 6 . 27 . 22 33 Cannon . | . . . . . . Launcher 22 | . . . . 10 12 Special . | . . . . . . Kinetic 32 | 3 . 13 . 16 . Thermal 40 | . . 1 . 6 33 Explosive 22 | . . . . 10 12 Electromagnetic 16 | 3 . 13 . . . Robot Hit Streak 6 | 3 . 6 . 4 4 Robot Miss Streak 4 | 2 . 4 . 3 3 Penetration Max . | . . . . . . Secondary Targets 2 | . . 1 . 1 . Max Gunslinging Chain 1 | . . 1 . 1 . Shots Hit Robots 53 | 4 . 14 . 11 24 Core Hits 42 | 2 . 7 . 19 14 Critical Kills . | . . . . . . Critical Parts Destroyed . | . . . . . . Critical Strikes 3 | . . . . . 3 Burn 3 | . . . . . 3 Melee Attacks . | . . . . . . Impact . | . . . . . . Slashing . | . . . . . . Piercing . | . . . . . . Sneak Attacks . | . . . . . . Combat Hostiles . | . . . . . . Follow-up Attacks . | . . . . . . Damage Inflicted 1908 | 42 . 179 . 785 902 Guns 823 | 42 . 179 . 143 459 Cannons . | . . . . . . Explosions 1085 | . . . . 642 443 Melee . | . . . . . . Ramming . | . . . . . . Kinetic 204 | 15 . 88 . 101 . Thermal 501 | . . . . 42 459 Explosive 1085 | . . . . 642 443 Electromagnetic 118 | 27 . 91 . . . Impact . | . . . . . . Slashing . | . . . . . . Piercing . | . . . . . . Highest Corruption 1 | . . 1 1 1 . Average Corruption 1 | . . 1 1 1 . Corruption Purged . | . . . . . . Corruption Blocked . | . . . . . . Effects 15 | . . 1 11 3 . Message Errors 4 | . . . 3 1 . Matter Fused 1 | . . . . 1 . Heat Flow Errors 4 | . . . 4 . . Energy Discharges 1 | . . . 1 . . Parts Fused 2 | . . . 2 . . Data Loss (minor) 1 | . . . 1 . . Data Loss (major) 1 | . . . . 1 . Misfires 1 | . . 1 . . . Overload Shots . | . . . . . . Overflow Damage 29 | . . . . 5 24 Projectiles . | . . . . . . Explosions 29 | . . . . 5 24 Melee . | . . . . . . Knockbacks . | . . . . . . Impact . | . . . . . . Kinetic . | . . . . . . Secondary . | . . . . . . Self-Inflicted Damage 123 | . . . . 85 38 Shots 7 | . . . . 5 2 Rammed . | . . . . . . Targets Rammed . | . . . . . . Kicked . | . . . . . . Crushed . | . . . . . . Highest Temperature 432 | 52 . 26 200 228 432 Average Temperature 133 | 26 . 5 84 77 175 Received Heat Transfer 899 | 12 . 20 . 30 837 Effects 13 | . . . . . 13 Shutdowns 2 | . . . . . 2 Energy Bleed 2 | . . . . . 2 Interference 5 | . . . . . 5 Matter Decay 2 | . . . . . 2 Damage (minor) 2 | . . . . . 2 Siege Activations . | . . . . . . Robots Corrupted . | . . . . . . Combat Hostiles . | . . . . . . Parts Fried . | . . . . . . Impact Corruptions . | . . . . . . Robots Melted . | . . . . . . Combat Hostiles . | . . . . . . Parts Melted . | . . . . . . Heat Transferred 1073 | . . . . 74 999 Parts Sabotaged . | . . . . . . Parts Stolen . | . . . . . . Parts Stripped . | . . . . . . Power Chain Reactions . | . . . . . . Alert | -11 -10 -10 -10 -9 -8 ------- Run | Yrd Mat Min Exi Min Mat Peak Influence 319 | 20 20 7 . 319 215 Initial 13 | . 13 7 . . . Average 99 | 3 15 3 . 146 143 Maximum Alert Level 1 | . . . . 1 1 Low Security (%) 79 | 100 100 100 . 64 78 Level 1 20 | . . . . 35 21 Level 2 . | . . . . . . Level 3 . | . . . . . . Level 4 . | . . . . . . Level 5 . | . . . . . . High Security . | . . . . . . Max Security . | . . . . . . Squads Dispatched 2 | . 1 . . . 1 Investigation 1 | . 1 . . . . Extermination . | . . . . . . Reinforcement 1 | . . . . . 1 Assault . | . . . . . . Garrison . | . . . . . . Intercept . | . . . . . . Searches Triggered . | . . . . . . Construction Impeded 1 | . . . . . 1 Haulers Reinforced . | . . . . . . Active Scanning Responses . | . . . . . . Cargo Convoy Interrupts . | . . . . . . Stealth | -11 -10 -10 -10 -9 -8 --------- Run | Yrd Mat Min Exi Min Mat Distress Signals 1 | . . . . . 1 Communications Jammed . | . . . . . . Distress Signals . | . . . . . . Times Spotted 33 | 1 3 8 . 11 10 Peak Tracking Total 5 | 1 2 5 . 5 4 Tactical Retreats 1 | . . 1 . . . Traps | -11 -10 -10 -10 -9 -8 ------- Run | Yrd Mat Min Exi Min Mat Traps Triggered . | . . . . . . Indirectly . | . . . . . . Trap Hack Attempts . | . . . . . . Triggered . | . . . . . . Disarmed 7 | . 7 . . . . Reprogrammed . | . . . . . . Reused . | . . . . . . Traps Extracted . | . . . . . . Installed . | . . . . . . Triggered . | . . . . . . Machines | -11 -10 -10 -10 -9 -8 ---------- Run | Yrd Mat Min Exi Min Mat Machines Disabled 5 | . . . . 1 4 Max in Single Turn 2 | . . . . 1 2 Machines Repaired . | . . . . . . Machines Dismantled . | . . . . . . Machines Sabotaged . | . . . . . . Overloaded Fab Kills . | . . . . . . Hacking | -11 -10 -10 -10 -9 -8 --------- Run | Yrd Mat Min Exi Min Mat Machines Accessed 7 | . 2 . 5 . . Terminals 2 | . 2 . . . . Fabricators . | . . . . . . Repair Stations . | . . . . . . Recycling Units . | . . . . . . Scanalyzers . | . . . . . . Garrison Access . | . . . . . . Total Hacks 62 | . 12 . 50 . . Successful 57 | . 7 . 50 . . Failed 5 | . 5 . . . . Catastrophic . | . . . . . . Database Lockouts . | . . . . . . Manual 7 | . . . 7 . . Terminals 12 | . 12 . . . . Fabricators . | . . . . . . Repair Stations . | . . . . . . Recycling Units . | . . . . . . Scanalyzers . | . . . . . . Garrison Access . | . . . . . . Terminal Hacks 57 | . 7 . 50 . . Record 49 | . . . 49 . . Prototype ID Bank 1 | . 1 . . . . Emergency Access Points 1 | . 1 . . . . Scanalyzer Index 1 | . 1 . . . . Disarm Traps 2 | . 2 . . . . Recall Investigation 1 | . 1 . . . . Recall Reinforcements 1 | . 1 . . . . Derelict Proto ID Bank 1 | . . . 1 . . Fabricator Hacks . | . . . . . . Repair Station Hacks . | . . . . . . Recycling Unit Hacks . | . . . . . . Scanalyzer . | . . . . . . Garrison Access Hacks . | . . . . . . Unauthorized Hacks . | . . . . . . Terminals . | . . . . . . Fabricators . | . . . . . . Repair Stations . | . . . . . . Recycling Units . | . . . . . . Scanalyzers . | . . . . . . Garrison Access . | . . . . . . Data Cores Recovered . | . . . . . . Used . | . . . . . . Hacking Detections 2 | . 2 . . . . Full Trace Events 2 | . 2 . . . . Feedback Events . | . . . . . . Feedback Blocked . | . . . . . . Robot Schematics Acquired . | . . . . . . Robots Built . | . . . . . . Authchips . | . . . . . . Time . | . . . . . . Total Robot Build Rating . | . . . . . . Part Schematics Acquired . | . . . . . . Parts Built . | . . . . . . Authchips . | . . . . . . Time . | . . . . . . Total Part Build Rating . | . . . . . . Parts Repaired . | . . . . . . Time . | . . . . . . Parts Recycled . | . . . . . . Recycled Matter . | . . . . . . Retrieved Matter . | . . . . . . Retrieved Components . | . . . . . . Parts Scanalyzed . | . . . . . . Part Schematics Acquired . | . . . . . . Parts Damaged . | . . . . . . Bothacking | -11 -10 -10 -10 -9 -8 ------------ Run | Yrd Mat Min Exi Min Mat Used RIF Installer . | . . . . . . Robots Hacked . | . . . . . . Non-combat . | . . . . . . Combat . | . . . . . . Robot Hacks Applied . | . . . . . . Relay Couplers Released . | . . . . . . Fabnet Peak Effective % . | . . . . . . Robots Rewired . | . . . . . . Allies Hacked . | . . . . . . Hacks Repelled . | . . . . . . Allies | -11 -10 -10 -10 -9 -8 -------- Run | Yrd Mat Min Exi Min Mat Total Allies 2 | . . . . 2 . Largest Group 2 | . . . . 2 2 Highest-Rated Group 43 | . . . . 43 43 Highest-Rated Ally 31 | . . . . 31 31 Total Orders 6 | . . . 3 2 1 ROAM 1 | . . . 1 . . EXPLORE 3 | . . . 1 1 1 RETURN 2 | . . . 1 1 . Ally Attacks 4 | . . . . . 4 Total Damage 21 | . . . . . 21 Kills . | . . . . . . Allies Corrupted . | . . . . . . Allies Melted . | . . . . . . Intel | -11 -10 -10 -10 -9 -8 ------- Run | Yrd Mat Min Exi Min Mat Robot Analysis Total . | . . . . . . Derelict Logs Recovered 2 | . . 1 . 1 . Drone Launches 3 | . . . 1 1 1 Drone Recoveries 3 | . . . 1 1 1 Exploration | -11 -10 -10 -10 -9 -8 ------------- Run | Yrd Mat Min Exi Min Mat Turns Passed 3363 | 69 239 356 1384 951 364 Spaces Moved 2780 | 70 244 338 1326 673 129 Core 22 | 20 . . . . 2 Treads . | . . . . . . Legs 11 | . . . . . 11 Wheels 2747 | 50 244 338 1326 673 116 Hover . | . . . . . . Flight . | . . . . . . Fastest Speed 50 | 50 80 90 90 105 120 Average Speed 105 | 71 86 90 103 109 201 Slowest Speed 1350 | 80 90 90 105 135 1350 Overloaded Moves . | . . . . . . Propulsion Burnouts . | . . . . . . Robots Hopped . | . . . . . . Cave-ins Triggered . | . . . . . . Exploration Rate (%) 52 | 5 37 40 96 95 39 Regions Visited 5 Branch Regions 3 Pre-discovered Areas 3 | . . . 1 2 . Known Exits Taken . | . . . . . . Unknown Exits Taken 5 | 1 1 1 1 1 . Scrap Searched 3 | . . . . 3 . Spaces Dug 15 | . . . . 15 . Terrain Destroyed 159 | . . . . 65 94 Melee . | . . . . . . Projectile 3 | . . . . . 3 AOE 156 | . . . . 65 91 Terrain Rammed . | . . . . . . Walls Destroyed . | . . . . . . Machines Disabled . | . . . . . . Actions | -11 -10 -10 -10 -9 -8 --------- Run | Yrd Mat Min Exi Min Mat Total 3112 | 80 269 365 1345 859 194 Wait 208 | 1 14 12 9 157 15 Move 2775 | 69 243 337 1325 672 129 Hop . | . . . . . . Pick Up 14 | 1 4 . 2 4 3 Fast Attach 10 | 4 2 2 . . 2 Attach 15 | 1 . . 1 3 10 Detach 4 | . . 1 . 1 2 Swap 9 | 1 3 . 1 4 . Drop 8 | . 3 . 3 2 . Fire 65 | 3 . 13 . 16 33 Melee . | . . . . . . Ram . | . . . . . . Kick . | . . . . . . Crush . | . . . . . . Escape Stasis . | . . . . . . Rewire 4 | . . . 4 . . Trap . | . . . . . . Miscellaneous . | . . . . . . Route ------- -11/Scrapyard -10/Materials (discovered 2 exits: [*Mat] / [*Min]) -10/Mines (discovered 2 exits: [*Mat] / *Exi) -10/Exiles (discovered 2 exits: [*Min x2]) -9/Mines (discovered 2 exits: [*Mat x2]) -8/Materials (discovered 1 exit: [*Fac]) History --------- Turn | Location | Event 2 | -11/Scrapyard | Met Revision 17 44 | -11/Scrapyard | Discovered new exit (range 8) 70 | -11/Scrapyard | Entered Materials 198 | -10/Materials | Met 8R-AWN 227 | -10/Materials | Discovered new exit (range 12) 270 | -10/Materials | Discovered new exit (range 5) 305 | -10/Materials | Build established: Mutant 309 | -10/Materials | Entered Mines 310 | -10/Mines | Followed 8R-AWN into the Mines 315 | -10/Mines | Met a Derelict bent on vengeance 367 | -10/Mines | Learned Materials terminal intel 382 | -10/Mines | Discovered new exit (range 5) 406 | -10/Mines | Assembled infested the area 411 | -10/Mines | Assisted by a Guerilla fighting off Assembled 597 | -10/Mines | Discovered new exit (range 5) 665 | -10/Mines | Entered Exiles 705 | -10/Exiles | Discovered new exit (range 14) 743 | -10/Exiles | Welcomed by 8R-AWN 759 | -10/Exiles | Met EX-HEX 877 | -10/Exiles | Met EX-DEC 927 | -10/Exiles | Learned location of Zion (-7) 1040 | -10/Exiles | Visited The Gauntlet 1345 | -10/Exiles | Discovered new exit (range 14) 1503 | -10/Exiles | Learned about 8R-AWN's background 1681 | -10/Exiles | Met EX-BIN 1811 | -10/Exiles | Aligned with FarCom system 1812 | -10/Exiles | Given EX-Vault access code 1843 | -10/Exiles | Opened EX-Vault 1884 | -10/Exiles | Found Supersonic Drone Bay 1934 | -10/Exiles | Warned to stay clear of 0b10 Research branches 2049 | -10/Exiles | Left Exiles lab with Supersonic Drone Bay 2049 | -10/Exiles | Entered Mines 2136 | -9/Mines | Excavation squad dispatched 2136 | -9/Mines | A large section of the Mines collapsed 2274 | -9/Mines | Core integrity fell below 50% 2378 | -9/Mines | Discovered new exit (range 9) 2586 | -9/Mines | Received a Rocket Launcher from a helpful Derelict 2614 | -9/Mines | Discovered new exit (range 55) 2704 | -9/Mines | Found a damaged Exp. Sensor Array with a note attached 2706 | -9/Mines | Found Prototype Device 2747 | -9/Mines | Learned location of Storage (-7) 3000 | -9/Mines | Entered Materials 3000 | -8/Materials | Accompanied by 2 allies 3000 | -8/Materials | Evolved 4 slots: Power x1, Propulsion x1, Utility x2 3001 | -8/Materials | Loaded intel: 12 terminal locations 3005 | -8/Materials | Led the pair of lost Derelicts to an unsafe place 3047 | -8/Materials | Discovered new exit (range 84) 3228 | -8/Materials | Lost 4 parts (2n2w) 3337 | -8/Materials | Identified Exp. Sensor Array 3349 | -8/Materials | Core integrity fell below 50% 3358 | -8/Materials | Core integrity fell below 20% 3364 | -8/Materials | Destroyed by G-47 Trooper with Particle Gun Last Messages --------------- Supersonic Drone Bay destroyed. U-05 Engineer lays Concrete. M-13 Machinist repairs Welding Torch. Beamcaster destroyed. Identified Exp. Sensor Array. [Achievement: Risk Taker] U-05 Engineer lays Concrete. Particle Charger destroyed. U-05 Engineer lays Concrete. U-05 Engineer builds a Wall. Arm. Wheel destroyed. U-05 Engineer lays Concrete. M-13 Machinist repairs G-47 Trooper. U-05 Engineer builds a Door. U-05 Engineer lays Concrete. Core Shielding destroyed. U-05 Engineer lays Concrete. K-01 Serf collects debris. U-05 Engineer lays Concrete. Critical hit (Burn: +37). Map ----- +----------------------------------------------------+ | | | | | | | | | | | | | | | | | | | ?????????????????????????????????????????????????? | | ?????????????????????????????????????????????????? | | ?????????????????????????????????????????????????? | | ????????????????????????###########??????????????? | | ????????????????????????# #############??? | | ????????????????????????# ## # #??? | | ????????????????????????# """ """ ##! " #??? | | ????????????????????????# """ """ ## " #??? | | ????????????????????????# "" "" ## "T" / #??? | | ?????????????????#?###### ## """ # #??? | | ?????????????????# # ##[ # # #??? | | ?????????????????# # # ### ##?? | | ??????????????????# #####+############ #?? | | ??????????? ##### #?? | | ??????? gg #?? | | ???????? ##### g #?? | | ??????????????????### @ g ########## #?? | | ???????????????????## " # # # ########?? | | ????????????????????# # ## #????????? | | ????????????????????# ## # ####????????? | | ????????????????????# " ###########??????? | | ????????????????????# """% # #??????? | | ????????????????????# """ # """"""" #??????? | | ????????????????????# # """"""" #??????? | | ????????????????????# # """"""" #??????? | | ????????????????????# + """"""" #??????? | | ????????????????????+ # """"""" #??????? | | ????????????????????# # #??????? | | ????????????????????# ######### ! #??????? | | ????????????????????# ????????####/###+##??????? | | ???????????????????# ????????????# #?# #???????? | | ???????????????????# ????????????# #?# #???????? | | ???????????????????+ Y????????????# #?# #???????? | | ???????????????????# ??????????????# #?# #???????? | | ???????????????????# ??????????????# #?# #???????? | | ???????????????????#???????????????# #?# #???????? | | ???????????????????????????????????# #?# #???????? | | ???????????????????????????????????# #?# #???????? | | ???????????????????????????????????# #?# #???????? | | ???????????????????????????????????# #?# #???????? | | ??????????????????????????????????## ### #???????? | +----------------------------------------------------+ Best States ------------- Heat Dissipation 39 Energy Generation 23 Energy Capacity 300 Matter Stores 300 Matter Capacity 300 Sight Range 18 Terrain Scan Density 10 ECM Strength 1 Armor Coverage 150 Core Shielding 20 Evasion (%) 50 Particle Charging 15 Item Schematics ----------------- None Robot Schematics ------------------ None Fabricated ------------ Nothing Alien Tech Used ----------------- None Achievements -------------- I Survived The Infestation Librarian Risk Taker Tourist Challenges ------------ None Game ------ Seed MetaThermalGun Manual? 0 Play Time 01:09:46 Cumulative 2.0 hours Start 2024.07.05 @ 23:05:25 End 2024.07.06 @ 00:19:30 Sessions 1 Manual Loads 0 Difficulty Rogue Special Mode None Game No. 2 Rogue 2 Adventurer 0 Explorer 0 Win Type - Total 0 Types 0/0/0/0/0/0/0/0/0 Lore% 9 Gallery% 3 Achievement% 2 Wizard Run 0 Options --------- Layout 0 ASCII 0 Keyboard 1 Movement Numpad Keybinds 0 Fullscreen 2 Font 24/Tamsyn Map View 183x50 Zoom Use 0% Tactical HUD 0 Map Filters NONE Filters NONE Steam 1 RUN: 68257d69-95e3-448f-b127-4cd5f859c546